 Dungeon Crawl Stone Soup version 0.25-a0-460-g4f2eb97ec1 (webtiles) character file.

Game seed: 12144134831683333759, levelgen mode: deterministic

190030 Epan the Earth Mage (level 18, -6/114 HPs)
             Began as a Gargoyle Earth Elementalist on Feb 3, 2020.
             Was the Champion of Vehumet.
             Shot with an arrow by a deep elf master archer (28 damage)
             ... on level 3 of the Elven Halls.
             The game lasted 01:44:21 (34588 turns).

Epan the Earth Mage (Gargoyle Earth Elementalist)  Turns: 34588, Time: 01:44:22

Health: -6/114     AC: 30    Str: 16    XL:     18   Next: 60%
Magic:  12/46      EV: 24    Int: 30    God:    Vehumet [******]
Gold:   2230       SH:  0    Dex: 15    Spells: 7/41 levels left

rFire    . . .     SeeInvis +   C - +7 lajatang of Dosisha {protect, *Drain rN++ MP+9}
rCold    . . .     Gourm    +   (shield currently unavailable)
rNeg     + + +     Faith    .   G - +4 steam dragon scales
rPois    ∞         Spirit   .   i - +2 hat
rElec    +         Reflect  .   I - +0 cloak of the Rose {+Fly rPois rCorr Str+4}
rCorr    +         Harm     .   P - +1 pair of gloves {Dex+3}
MR       +....                  Z - +0 pair of boots
Stlth    ++........             E - amulet of the gourmand
HPRegen  0.29/turn              R - +5 ring of evasion
MPRegen  0.30/turn              D - ring "Nowen" {Int+6 SInv}

@: flying, very slightly contaminated
A: antennae 1, big wings, agile 1, high mp 1, negative energy resistance 1,
electricity resistance, unbreathing, petrification resistance, rot immunity, AC
+13
a: Stop Flying, Renounce Religion


You were on level 3 of the Elven Halls.
You worshipped Vehumet.
Vehumet was exalted by your worship.
You were very full.

You visited 5 branches of the dungeon, and saw 27 of its levels.
You visited the Abyss 1 time.
You also visited: Sewer, Ossuary and Gauntlet.

You collected 3354 gold pieces.
You spent 1124 gold pieces at shops.

Inventory:

Hand Weapons
 a - a +2 flail of draining
 C - the +7 lajatang of Dosisha (weapon) {protect, *Drain rN++ MP+9}
   (You found it on level 9 of the Dungeon)

   It grants its wielder temporary protection when it strikes (+7 to AC).
   It greatly protects you from negative energy.
   It affects your magic capacity (+9).
   It causes draining when unequipped.
Missiles
 b - 423 stones (quivered)
 j - 6 throwing nets
Armour
 i - a +2 hat (worn)
 G - +4 steam dragon scales (worn)
 I - the +0 cloak of the Rose (worn) {+Fly rPois rCorr Str+4}
   (You found it on level 13 of the Dungeon)

   It affects your strength (+4).
   It protects you from poison.
   It lets you fly.
   It provides partial protection from all sources of acid and corrosion.
   If you remove this armour, your AC will fall 1 point (30 -> 29)
 P - a +1 pair of gloves of dexterity (worn)
 T - a +2 robe of resistance
 Z - a +0 pair of boots (worn)
Magical Staves
 X - an uncursed staff of energy
Jewellery
 q - an uncursed ring of wizardry
 D - the ring "Nowen" (right hand) {Int+6 SInv}
   (You found it in a Gauntlet)

   [ring of see invisible]

   It affects your intelligence (+6).
   It lets you see invisible.
 E - an amulet of the gourmand (around neck)
 R - a +5 ring of evasion (left hand)
Wands
 g - a wand of iceblast (27)
 l - a wand of polymorph (18)
 m - a wand of random effects (35)
 t - a wand of flame (30)
 y - a wand of enslavement (4)
 z - a wand of digging (6)
 A - a wand of clouds (8)
 Q - a wand of acid (16)
 Y - a wand of disintegration (21)
Scrolls
 f - a scroll of teleportation
 h - 8 scrolls of remove curse
 k - 4 scrolls of blinking
 n - 2 scrolls of immolation
 o - 6 scrolls of amnesia
 r - a scroll of enchant weapon
 s - 6 scrolls of identify
 u - a scroll of magic mapping
 v - 3 scrolls of fog
 S - 2 scrolls of fear
Potions
 c - 6 potions of brilliance
 e - 2 potions of ambrosia
 w - 5 potions of curing
 x - 3 potions of agility
 K - a potion of magic
 L - 4 potions of haste
 M - a potion of might
 N - 2 potions of berserk rage
 U - 4 potions of mutation
 V - a potion of cancellation
Miscellaneous
 p - a phantom mirror
 B - a fan of gales
 H - a lamp of fire
Comestibles
 d - 54 rations


   Skills:
 + Level 13.2 Fighting
 - Level 6.1(9.3) Maces & Flails
 + Level 10.8(11.4) Staves
 - Level 6.0 Armour
 + Level 10.7 Dodging
 - Level 2.1 Stealth
 + Level 12.1 Spellcasting
 + Level 13.7 Conjurations
   Level 0.7 Transmutations
 * Level 10.7 Fire Magic
 + Level 15.1 Earth Magic
 - Level 6.0 Evocations


You had 7 spell levels left.
You knew the following spells:

 Your Spells              Type           Power        Failure   Level  Hunger
a - Sandblast             Erth           ######       0%          1    None
b - Stone Arrow           Conj/Erth      ######       0%          3    None
c - Lee's Rapid Deconstr  Erth           #######...   1%          5    ##.....
d - Iron Shot             Conj/Erth      #######...   1%          6    ####...
e - Fireball              Conj/Fire      #######...   1%          5    ##.....
f - Starburst             Conj/Fire      #######...   1%          6    ####...
g - Ignition              Fire           ######....   47%         8    #######

Your spell library contained the following spells:

 Spells                   Type           Power        Failure   Level  Hunger
 Freezing Cloud           Conj/Ice/Air   #####.....   17%         6    ####...
 Magic Dart               Conj           ####         0%          1    None
 Searing Ray              Conj           ######       0%          2    None
 Passwall                 Tmut/Erth      ######..     1%          2    None
 Conjure Flame            Conj/Fire      #######.     1%          3    None
 Dazzling Flash           Conj/Hex       ######       1%          3    None
 Inner Flame              Hex/Fire       ######..     1%          3    None
 Static Discharge         Conj/Air       ######..     1%          3    None
 Fulminant Prism          Conj/Hex       ######....   1%          4    None
 Iskenderun's Mystic Bla  Conj/Tloc      ######..     1%          4    None
 Leda's Liquefaction      Hex/Erth       ######....   1%          4    None
 Petrify                  Tmut/Erth      ######..     1%          4    None
 Sticky Flame             Conj/Fire      #######.     1%          4    None
 Bolt of Magma            Conj/Fire/Erth #######...   1%          5    ##.....
 Iskenderun's Battlesphe  Conj/Chrm      ######..     1%          5    ##.....
 Lightning Bolt           Conj/Air       ######....   1%          5    ##.....
 Animate Skeleton         Necr           N/A          2%          1    None
 Apportation              Tloc           ###...       2%          1    None
 Corona                   Hex            ###....      2%          1    None
 Infusion                 Chrm           ###.         2%          1    None
 Summon Small Mammal      Summ           ###.         2%          1    None
 Orb of Destruction       Conj           #######...   2%          7    ######.
 Corpse Rot               Necr/Air       N/A          4%          2    None
 Ensorcelled Hibernation  Hex/Ice        ###...       4%          2    None
 Shroud of Golubria       Chrm/Tloc      ###...       4%          2    None
 Song of Slaying          Chrm           ###.....     4%          2    None
 Swiftness                Chrm/Air       ###.....     4%          2    None
 Conjure Ball Lightning   Conj/Air       ######....   7%          6    ####...
 Confusing Touch          Hex            ###.....     9%          3    None
 Ozocubu's Armour         Chrm/Ice       ###.....     9%          3    None
 Spectral Weapon          Hex/Chrm       ###.....     9%          3    None
 Tukima's Dance           Hex            ###.....     9%          3    None
 Dispel Undead            Necr           ###.....     28%         4    None
 Spellforged Servitor     Conj/Summ      ######....   34%         7    ######.
 Agony                    Necr           ###.....     61%         5    ##.....
 Excruciating Wounds      Chrm/Necr      ###.......   61%         5    ##.....
 Shatter                  Erth           #######...   78%         9    #######
 Tornado                  Air            ###.......   100%        9    #######
 Sublimation of Blood     Necr           Unusable     N/A         2    N/A
 Statue Form              Tmut/Erth      Unusable     N/A         6    N/A

Dungeon Overview and Level Annotations

Branches:
Dungeon (15/15)            Temple (1/1) D:4            Lair (6/6) D:9
 Shoals (0/4) Lair:4        Snake (0/4) Lair:3        Slime (0/5) Lair:6
    Orc (2/2) D:12            Elf (3/3) Orc:2        Vaults (0/5) D:13
 Depths (0/5) D:15          Sewer (visited)         Ossuary (visited)
Gauntlet (visited)

Altars:
Ashenzari
Cheibriados
Dithmenos
Elyvilon
Fedhas
Gozag
Hepliaklqana
Kikubaaqudgha
Makhleb
Nemelex Xobeh
Okawaru
Qazlal
Sif Muna
Trog
Uskayaw
Vehumet
Wu Jian
Xom
Yredelemnul
Zin
The Shining One
Jiyva

Shops:
D:13 %   D:15 (*   Orc:2 }!*!   Elf:1 :   Elf:3 (

Annotations:
Elf:3 2 exclusions


Innate Abilities, Weirdness & Mutations

You are resistant to torment.
Your stone body is resilient. (AC +13)
You are immune to poison.
Your large and strong wings let you fly indefinitely.
You resist negative energy. (rN+)
You are resistant to electric shocks. (rElec)
You can survive without breathing.
You are immune to petrification.
You are immune to rotting.
You have a pair of small antennae on your head.
You are agile. (Dex +2)
You have an increased reservoir of magic. (+10% MP)


Message History

* * * LOW HITPOINT WARNING * * *
Evoke which item? (* to show all) (? for menu, Esc to quit)
Aiming: Cloud Cone
Press: ? - help, Dir - move target cursor, f - deep elf master archer
Aim: a deep elf master archer, wielding a +0 longbow, wearing +2 pearl dragon scales, wearing a +1 ring of protection and quivering 39 arrows (black smoke)
You create a blast of freezing vapour!
The deep elf master archer shoots an arrow.
The arrow misses you.
The deep elf master archer shoots an arrow.
The arrow misses you.
Evoke which item? (* to show all) (? for menu, Esc to quit)
Aiming: Cloud Cone
Press: ? - help, Dir - move target cursor, f/p - deep elf master archer
Aim: a deep elf master archer, wielding a +0 longbow, wearing +2 pearl dragon scales, wearing a +1 ring of protection and quivering 37 arrows (black smoke)
You create a blast of noxious fumes!
The deep elf master archer shoots an arrow.
The arrow barely misses you.
The deep elf master archer shoots an arrow.
The arrow hits you!!
You die...

##..e.......).........# #...
#..[)..###..###......######...
###).### ###..#####.###.......
#e## ##[# #.# #....... #).#
#.#####.###...(... #.[#
#..§.............. #..#
#)######.####..... #)## ##§#
###.####..... #.e### ###e@#
#............ ###(.###§§###
#.#.####..#.# ###§§§###
#.#.####..#.# #####
#.#.......... #.#########.#
#.# ####..... #.###.##.....
#.#.......... #............


You could see a deep elf master archer.

Vanquished Creatures
  Bai Suzhen (Elf:3)
  Rupert (D:14)
  3 deep elf blademasters
  A deep elf master archer (Elf:3)
  Gastronok (D:8)
  A cacodemon (Gauntlet)
  8 deep elf sorcerers
  2 deep elf elementalists (Elf:3)
  Nessos (D:12)
  The ghost of Ritopur the Grappler, a journeyman DrTm of Gozag (Lair:6)
  4 dire elephants
  4 deep elf demonologists (Elf:3)
  7 deep elf annihilators
  A minotaur (Gauntlet)
  An ettin (Orc:2)
  3 deep elf death magi
  A deep elf high priest (Elf:3)
  Josephine (D:15)
  4 vault guards (D:13)
  Harold (D:10)
  2 centaur warriors
  5 hydras
  A catoblepas (Lair:6)
  5 ogre magi
  14 two-headed ogres
  21 dancing weapons
  Urug (Lair:3)
  8 death yaks
  17 deep elf knights
  Sonja (Lair:3)
  Nergalle (D:10)
  5 skeletal warriors (D:14)
  5 unseen horrors
  2 wizards (Elf:1)
  10 deep elf archers
  An orange crystal statue (Elf:2)
  A necromancer (D:13)
  53 deep elf magi
  5 orc sorcerers
  2 oklob plants (Lair:4)
  A wolf spider (D:15)
  3 cyclopes
  13 ugly things
  5 manticores
  10 black mambas
  Maurice (D:9)
  Joseph (D:8)
  A torpor snail (Gauntlet)
  6 elephants
  Maggie (D:8)
  8 gargoyles
  5 spiny frogs
  6 komodo dragons
  4 kobold demonologists
  2 rime drakes (Lair:4)
  A merfolk (D:15)
  A tengu conjurer (D:13)
  4 hornets
  4 trolls
  10 polar bears (Lair:6)
  2 slime creatures (D:15)
  Prince Ribbit (D:8)
  Grinder (D:3)
  2 raiju (Lair:6)
  5 blink frogs
  A spectral dream sheep (Lair:6)
  17 dream sheep
  A hippogriff (shapeshifter) (D:15)
  A small abomination (Elf:1)
  12 hippogriffs
  A spectral black mamba (Lair:6)
  2 air elementals
  3 shadows
  5 wraiths (D:15)
  3 wyverns
  A spectral fire crab (Lair:6)
  A vampire (D:13)
  3 fire elementals (Elf:2)
  A golden eye (shapeshifter) (D:13)
  2 steam dragons
  41 yaks
  3 basilisks
  2 hungry ghosts
  3 nagas (Lair:3)
  2 swamp worms (Lair:6)
  4 wargs (Lair:6)
  2 hydra simulacra (Lair:6)
  A soldier ant (D:10)
  2 acid dragons
  15 hell hounds (Lair:6)
  11 water moccasins
  3 porcupines
  A phantom (D:10)
  23 orc warriors
  A black bear (shapeshifter) (D:9)
  3 sky beasts
  2 ice beasts
  3 eyes of draining
  A necrophage (D:13)
  36 ogres
  30 centaurs
  17 wolves
  14 black bears
  2 boggarts
  10 crocodiles
  A big kobold (Sewer)
  20 bullfrogs
  An earth elemental (Elf:1)
  3 wights (D:8)
  5 killer bees
  7 scorpions
  2 howler monkeys
  7 electric eels
  8 crimson imps
  8 centaur zombies
  A quasit (D:12)
  9 hounds
  5 centaur skeletons
  A komodo dragon simulacrum (Lair:6)
  22 orc priests
  4 jellies
  8 bullfrog skeletons
  Ijyb (D:4)
  6 iguanas
  15 worker ants
  36 orc wizards
  2 killer bee zombies
  3 hound skeletons (D:5)
  2 hound zombies
  7 mummies (Ossuary)
  9 adders
  3 river rats (Sewer)
  5 shadow imps
  An ooze (D:3)
  3 adder zombies
  An adder skeleton (D:9)
  4 worms
  6 dart slugs
  10 leopard geckos
  84 orcs
  7 bats
  7 giant cockroaches
  7 goblins
  6 hobgoblins
  13 jackals
  2 quokkas
  4 ball pythons
  3 frilled lizards
  3 gnoll zombies (Ossuary)
  4 goblin zombies (Ossuary)
  2 hobgoblin zombies (Ossuary)
  A jackal skeleton (D:5)
  10 kobolds
  4 kobold zombies (Ossuary)
  A leopard gecko zombie (D:6)
  An orc zombie (Ossuary)
  2 quokka zombies (Ossuary)
  7 rats
  7 rat zombies (Ossuary)
  A bush (D:6)
  A fungus (Lair:6)
  6 plants
1000 creatures vanquished.

Vanquished Creatures (others)
  An unseen horror (D:14)
  4 dream sheep (Lair:3)
  A crimson imp (D:15)
  4 orc wizards
  2 orcs (Orc:2)
  7 fungi
  17 plants
  9 toadstools (Lair:4)
45 creatures vanquished.

Grand Total: 1045 creatures vanquished

Notes
Turn   | Place    | Note
-------+----------+-------------------------------------------
     0 | D:1      | Epan the Gargoyle Earth Elementalist began the quest for
                  | the Orb.
     0 | D:1      | Reached XP level 1. HP: 10/10 MP: 3/3
   402 | D:1      | Reached skill level 4 in Earth Magic
   402 | D:1      | Reached XP level 2. HP: 10/15 MP: 5/5
  1236 | D:2      | Reached XP level 3. HP: 7/19 MP: 2/6
  1241 | D:2      | Learned a level 3 spell: Stone Arrow
  1667 | D:2      | Reached skill level 1 in Conjurations
  1853 | D:2      | Reached XP level 4. HP: 20/24 MP: 8/8
  1920 | D:2      | Found a basalt altar of Yredelemnul.
  2396 | D:3      | Noticed Grinder
  2405 | D:3      | Reached skill level 5 in Earth Magic
  2432 | D:3      | Killed Grinder
  2432 | D:3      | Reached XP level 5. HP: 5/28 MP: 0/10
  2432 | D:3      | Reached XP level 6. HP: 6/32 MP: 0/11
  2933 | D:3      | Learned a level 5 spell: Lee's Rapid Deconstruction
  2988 | D:3      | Found a bloodstained altar of Trog.
  3151 | D:3      | Reached skill level 6 in Earth Magic
  3360 | D:4      | Reached XP level 7. HP: 31/36 MP: 2/13
  3551 | D:4      | Found a staircase to the Ecumenical Temple.
  3584 | Temple   | Entered the Ecumenical Temple
  3637 | Temple   | Became a worshipper of Vehumet
  3782 | D:4      | Noticed Ijyb
  3844 | D:4      | Killed Ijyb
  3954 | D:4      | Reached skill level 1 in Fighting
  4036 | D:4      | Reached skill level 1 in Armour
  4365 | D:5      | Entered Level 5 of the Dungeon
  4418 | D:5      | Reached skill level 1 in Maces & Flails
  4426 | D:5      | Reached * piety under Vehumet
  4426 | D:5      | Offered knowledge of Foxfire by Vehumet.
  4426 | D:5      | Reached XP level 8. HP: 40/43 MP: 3/15
  4837 | D:5      | Found a shattered altar of Ashenzari.
  4854 | D:5      | Reached skill level 7 in Earth Magic
  5068 | D:6      | Reached skill level 5 in Spellcasting
  5068 | D:6      | Reached skill level 5 in Conjurations
  5226 | D:6      | Found a blossoming altar of Fedhas.
  5368 | D:6      | Reached skill level 1 in Evocations
  5399 | D:6      | Reached XP level 9. HP: 49/50 MP: 16/16
  5404 | D:6      | Reached ** piety under Vehumet
  5406 | D:6      | Found a glowing drain.
  5407 | D:6      | Offered knowledge of Shock by Vehumet.
  5433 | Sewer    | Entered a sewer
  5533 | Sewer    | Found a white marble altar of Elyvilon.
  6601 | D:7      | Noticed a deep elf mage
  6605 | D:7      | Killed a deep elf mage
  6605 | D:7      | Reached skill level 8 in Earth Magic
  6887 | D:8      | Reached XP level 10. HP: 53/58 MP: 7/18
  6889 | D:8      | Found a shadowy altar of Dithmenos.
  6896 | D:8      | Noticed Gastronok
  6951 | D:8      | Found a hide-covered altar of Uskayaw.
  6972 | D:8      | Noticed Joseph
  6981 | D:8      | Killed Joseph
  7023 | D:8      | Found an opulent altar of Gozag.
  7056 | D:8      | Found an ornate altar of the Wu Jian Council.
  7114 | D:8      | Noticed Prince Ribbit
  7119 | D:8      | Killed Prince Ribbit
  7230 | D:8      | Noticed Maggie
  7236 | D:8      | Killed Maggie
  7288 | D:8      | Found a sand-covered staircase.
  7296 | Ossuary  | Entered an ossuary
  7452 | Ossuary  | Offered knowledge of Conjure Flame by Vehumet.
  7495 | Ossuary  | Reached *** piety under Vehumet
  7748 | Ossuary  | Offered knowledge of Sticky Flame by Vehumet.
  7933 | D:8      | Reached skill level 5 in Fighting
  8056 | D:8      | Killed Gastronok
  8056 | D:8      | Reached skill level 5 in Maces & Flails
  8056 | D:8      | Reached skill level 5 in Armour
  8276 | D:8      | Reached XP level 11. HP: 62/64 MP: 20/20
  8356 | D:9      | Found a runed translucent door.
  8364 | D:9      | Reached skill level 9 in Earth Magic
  8374 | D:9      | Reached **** piety under Vehumet
  8478 | D:9      | Offered knowledge of Iskenderun's Mystic Blast by Vehumet.
  8796 | D:9      | Found a staircase to the Lair.
  9339 | D:9      | Reached skill level 5 in Dodging
  9768 | D:9      | Noticed Maurice
  9862 | D:9      | Killed Maurice
 10177 | D:9      | Found a runed translucent door.
 10185 | D:9      | Found a hazy altar of Hepliaklqana.
 10186 | D:9      | Found a stormy altar of Qazlal.
 10726 | D:9      | Got a faintly glowing lajatang
 10727 | D:9      | Identified the +7 lajatang of Dosisha {protect, *Drain rN++
                  | MP+9} (You found it on level 9 of the Dungeon)
 10770 | D:10     | Entered Level 10 of the Dungeon
 10770 | D:10     | Noticed Nergalle
 10776 | D:10     | Killed Nergalle
 10810 | D:10     | Reached skill level 5 in Evocations
 10903 | D:10     | Killed an unseen horror
 10903 | D:10     | Reached skill level 1 in Staves
 10903 | D:10     | Reached XP level 12. HP: 60/71 MP: 23/23
 11129 | D:10     | Reached skill level 10 in Earth Magic
 11261 | D:10     | Noticed Harold
 11268 | D:10     | Paralysed by Harold for 7 turns
 11283 | D:10     | Paralysed by Harold for 5 turns
 11291 | D:10     | Paralysed by Harold for 4 turns
 11299 | D:10     | Killed Harold
 11539 | D:11     | Gained mutation: You are partially covered in molten
                  | scales. (AC +2) [potion of mutation]
 11539 | D:11     | Gained mutation: You have a pair of small horns on your
                  | head. [potion of mutation]
 11540 | D:11     | Lost mutation: You are partially covered in molten scales.
                  | (AC +2) [potion of mutation]
 11540 | D:11     | Lost mutation: You have a pair of small horns on your head.
                  | [potion of mutation]
 11540 | D:11     | Gained mutation: Your spells are a little easier to cast,
                  | but a little less powerful. [potion of mutation]
 11540 | D:11     | Gained mutation: Your flesh is cold resistant. (rC+)
                  | [potion of mutation]
 11737 | D:11     | Reached ***** piety under Vehumet
 11744 | D:11     | Offered knowledge of Iron Shot by Vehumet.
 11854 | D:11     | Learned a level 6 spell: Iron Shot
 11995 | D:12     | Noticed a two-headed ogre
 12004 | D:12     | Killed a two-headed ogre
 12004 | D:12     | Noticed Nessos
 12018 | D:12     | Paralysed by Nessos for 4 turns
 12380 | D:12     | Killed Nessos
 12776 | D:12     | Found a staircase to the Orcish Mines.
 13354 | D:13     | Noticed a centaur warrior
 13375 | D:13     | Killed a centaur warrior
 13375 | D:13     | Reached XP level 13. HP: 44/78 MP: 25/25
 13674 | D:13     | Noticed a deep elf annihilator
 13675 | D:13     | Found a transporter.
 13710 | D:13     | Offered knowledge of Freezing Cloud by Vehumet.
 13760 | D:13     | Found Bacatamewk's Food Shoppe.
 13802 | D:13     | Noticed a vault guard
 13808 | D:13     | Noticed a vault guard
 13810 | D:13     | Noticed a vault guard
 13819 | D:13     | Killed a vault guard
 13820 | D:13     | Reached skill level 11 in Earth Magic
 13821 | D:13     | Killed a vault guard
 13822 | D:13     | Killed a vault guard
 13941 | D:13     | Found a gate to the Vaults.
 14067 | D:13     | Noticed a vault guard
 14082 | D:13     | Killed a vault guard
 14858 | D:13     | Found a shimmering blue altar of Sif Muna.
 14960 | D:13     | Killed a deep elf annihilator
 14977 | D:13     | Reached skill level 5 in Staves
 14978 | D:13     | Found a transporter.
 14988 | D:13     | Reached skill level 10 in Conjurations
 15231 | D:13     | Got a bloodstained cloak
 15232 | D:13     | Identified the +0 cloak of the Rose {+Fly rPois rCorr
                  | Str+4} (You found it on level 13 of the Dungeon)
 15417 | D:14     | Gained mutation: Your large and strong wings let you fly
                  | indefinitely. [Gargoyle growth]
 15417 | D:14     | Reached XP level 14. HP: 60/86 MP: 19/27
 15535 | D:14     | Reached skill level 12 in Earth Magic
 15828 | D:14     | Noticed Rupert
 15836 | D:14     | Killed Rupert
 16792 | Lair:1   | Entered Level 1 of the Lair of Beasts
 17677 | Lair:2   | Reached skill level 10 in Fighting
 18373 | Lair:3   | Found a staircase to the Snake Pit.
 18376 | Lair:3   | Noticed Sonja
 18394 | Lair:3   | Noticed Urug
 18401 | Lair:3   | Killed Sonja
 18411 | Lair:3   | Killed Urug
 18841 | Lair:3   | Found a shimmering altar of Xom.
 19322 | Lair:4   | Noticed a dire elephant
 19322 | Lair:4   | Noticed a dire elephant
 19344 | Lair:4   | Found a runed translucent door.
 19548 | Lair:4   | Reached ****** piety under Vehumet
 19744 | Lair:4   | Found a staircase to the Shoals.
 19812 | Lair:4   | Reached skill level 10 in Spellcasting
 20274 | Lair:4   | Found a hazy altar of Hepliaklqana.
 20540 | Lair:4   | Reached XP level 15. HP: 93/93 MP: 29/29
 21047 | Lair:5   | Reached skill level 13 in Earth Magic
 21775 | Lair:6   | Entered Level 6 of the Lair of Beasts
 21940 | Lair:6   | Offered knowledge of Fireball by Vehumet.
 21968 | Lair:6   | Learned a level 5 spell: Excruciating Wounds
 21975 | Lair:6   | Learned a level 5 spell: Fireball
 22051 | Lair:6   | Reached skill level 1 in Fire Magic
 22082 | Lair:6   | Found a runed translucent gate.
 22082 | Lair:6   | Found a runed translucent gate.
 22083 | Lair:6   | Found a runed translucent gate.
 22088 | Lair:6   | Noticed Ritopur's ghost (journeyman DrTm)
 22124 | Lair:6   | Killed Ritopur's ghost
 22192 | Lair:6   | Found a bloodstained altar of Trog.
 22571 | Lair:6   | Found a staircase to the Slime Pits.
 22572 | Lair:6   | Found a viscous altar of Jiyva.
 23184 | Lair:6   | Offered knowledge of Yara's Violent Unravelling by Vehumet.
 24794 | Orc:1    | Entered Level 1 of the Orcish Mines
 25341 | Orc:2    | Entered Level 2 of the Orcish Mines
 25376 | Orc:2    | Found a gate leading to a gauntlet.
 25382 | Gauntlet | Entered a Gauntlet
 25382 | Gauntlet | Found a transporter.
 25382 | Gauntlet | Found a transporter.
 25382 | Gauntlet | Found a transporter.
 25383 | Gauntlet | Found a transporter.
 25386 | Gauntlet | Found a transporter.
 25398 | Gauntlet | Found a transporter.
 25419 | Gauntlet | Found a transporter.
 25428 | Gauntlet | Found a transporter.
 25428 | Gauntlet | Noticed a cacodemon
 25486 | Gauntlet | Found a transporter.
 25502 | Gauntlet | Found a transporter.
 25511 | Gauntlet | Found a transporter.
 25523 | Gauntlet | Found a transporter.
 25657 | Gauntlet | Reached XP level 16. HP: 23/100 MP: 14/30
 26001 | Gauntlet | Reached skill level 5 in Fire Magic
 26144 | Gauntlet | Got a crude amber ring
 26145 | Gauntlet | Identified the ring "Nowen" {Int+6 SInv} (You found it in a
                  | Gauntlet)
 26150 | Gauntlet | Lost mutation: Your spells are a little easier to cast, but
                  | a little less powerful. [potion of mutation]
 26150 | Gauntlet | Lost mutation: Your flesh is cold resistant. (rC+) [potion
                  | of mutation]
 26150 | Gauntlet | Gained mutation: You do not regenerate when monsters are
                  | visible. [potion of mutation]
 26150 | Gauntlet | Gained mutation: Your muscles are strong. (Str +2) [potion
                  | of mutation]
 26150 | Gauntlet | Gained mutation: You have a pair of small antennae on your
                  | head. [potion of mutation]
 26150 | Gauntlet | Gained mutation: You have an increased reservoir of magic.
                  | (+10% MP) [potion of mutation]
 26180 | Gauntlet | Identified the quicksilver dragon scales of Fiuwohol {MR+
                  | Dex+4}
 26192 | Gauntlet | Identified the Almanac of Blistering Weightlessness
 26231 | Orc:2    | Offered knowledge of Ozocubu's Refrigeration by Vehumet.
 27066 | Orc:2    | Found Beygoet's Distillery.
 27066 | Orc:2    | Found Ykagoib's General Store.
 27067 | Orc:2    | Found Buafiag's Distillery.
 27067 | Orc:2    | Found Jiutug's Gadget Emporium.
 27094 | Orc:2    | Bought a potion of agility for 64 gold pieces
 27094 | Orc:2    | Bought a potion of ambrosia for 128 gold pieces
 27094 | Orc:2    | Bought a potion of agility for 64 gold pieces
 27094 | Orc:2    | Bought a potion of might for 64 gold pieces
 27094 | Orc:2    | Bought a potion of heal wounds for 80 gold pieces
 27094 | Orc:2    | Bought a potion of curing for 48 gold pieces
 27094 | Orc:2    | Bought a potion of mutation for 128 gold pieces
 27094 | Orc:2    | Bought a potion of mutation for 128 gold pieces
 27095 | Orc:2    | Bought a potion of curing for 36 gold pieces
 27095 | Orc:2    | Bought a potion of mutation for 96 gold pieces
 27095 | Orc:2    | Bought a potion of heal wounds for 60 gold pieces
 27095 | Orc:2    | Bought a potion of agility for 48 gold pieces
 27095 | Orc:2    | Bought a potion of haste for 120 gold pieces
 27095 | Orc:2    | Bought a potion of heal wounds for 60 gold pieces
 27106 | Orc:2    | Found a staircase to the Elven Halls.
 27234 | Orc:2    | Paralysed by an orc sorcerer for 2 turns
 27536 | D:15     | Entered Level 15 of the Dungeon
 27857 | D:15     | Noticed Josephine
 27870 | D:15     | Killed Josephine
 27870 | D:15     | Offered knowledge of Starburst by Vehumet.
 27878 | D:15     | Learned a level 6 spell: Starburst
 27953 | D:15     | Reached skill level 14 in Earth Magic
 28012 | D:15     | Found Zopnulex's Weapon Shoppe.
 28025 | D:15     | Found Gyana's Mass Market.
 28435 | D:15     | Found a staircase to the Depths.
 28849 | Elf:1    | Entered Level 1 of the Elven Halls
 28872 | Elf:1    | Identified the +1 morningstar "Coabebb" {holy, *Slow MR+
                  | SInv Stlth+} (You found it on level 1 of the Elven Halls)
 29327 | Elf:1    | Cast into level 3 of the Abyss (a deep elf sorcerer)
 29367 | Abyss:3  | Found a corrupted altar of Lugonu.
 29389 | Elf:1    | Escaped the Abyss
 29395 | Elf:1    | Reached XP level 17. HP: 98/106 MP: 35/35
 29594 | Elf:1    | Found Vobuef's Book Emporium.
 29835 | Elf:1    | Lost mutation: Your muscles are strong. (Str +2) [potion of
                  | mutation]
 29835 | Elf:1    | Lost mutation: You do not regenerate when monsters are
                  | visible. [potion of mutation]
 29835 | Elf:1    | Gained mutation: You are agile. (Dex +2) [potion of
                  | mutation]
 30289 | Elf:2    | Reached skill level 10 in Dodging
 30293 | Elf:2    | Identified the +1 leather armour of Somewhere Else {Str+2}
                  | (You found it on level 2 of the Elven Halls)
 30495 | Elf:2    | Got an ancient golden ring
 30496 | Elf:2    | Identified the ring of Yggeahor {rElec MR+ Str-5 Int-2
                  | SInv} (You found it on level 2 of the Elven Halls)
 30721 | Elf:2    | Found a huge runed translucent gate.
 30721 | Elf:2    | Found a huge runed translucent gate.
 30721 | Elf:2    | Found a huge runed translucent gate.
 30722 | Elf:2    | Found a huge runed translucent gate.
 30723 | Elf:2    | Found a huge runed translucent gate.
 31079 | Elf:3    | Entered Level 3 of the Elven Halls
 31316 | Elf:3    | Noticed Bai Suzhen
 31331 | Elf:3    | Killed Bai Suzhen
 31331 | Elf:3    | Reached skill level 10 in Staves
 32107 | Elf:3    | Offered knowledge of Freezing Cloud by Vehumet.
 32936 | Elf:2    | Reached XP level 18. HP: 60/113 MP: 37/37
 33109 | Elf:2    | Noticed a deep elf blademaster
 33120 | Elf:2    | Killed a deep elf blademaster
 33120 | Elf:2    | Reached skill level 10 in Fire Magic
 33385 | Elf:2    | Reached skill level 15 in Earth Magic
 33772 | Elf:3    | Found Noicol's Antique Weapon Shoppe.
 33833 | Elf:3    | Learned a level 8 spell: Ignition
 33965 | Elf:3    | Noticed a deep elf master archer
 33980 | Elf:3    | Killed a deep elf master archer
 34330 | Elf:3    | Noticed a deep elf blademaster
 34334 | Elf:3    | Identified the +5 plate armour of Gapifoh {+Fly rPois MR+++
                  | Slay-3}
 34334 | Elf:3    | Noticed a deep elf blademaster
 34355 | Elf:3    | Killed a deep elf blademaster
 34361 | Elf:3    | Killed a deep elf blademaster
 34559 | Elf:3    | Noticed a deep elf master archer
 34588 | Elf:3    | Shot with an arrow by a deep elf master archer

Levels and vault maps discovered:
D:1:      eino_arrival_tree_alley, layout_loops_corners
D:2:      layout_rooms, lemuel_coloured_pillars_altar
D:3:      layout_loops_ring, lemuel_doored_altar, first_ration, uniq_grinder
D:4:      layout_cave_pools, minmay_temple_entry_enclosed_plants, uniq_ijyb
D:5:      layout_cave_pools, lemuel_crystal_altar
D:6:      layout_rooms, gup_sewer_entry_pipe, fedhas_bush_and_centaur_altar
D:7:      layout_cave_pools, grunt_ogre_cave, corexii_item_surrounded_by_moat,
          guppyfry_early_elven_hall
D:8:      layout_gridville, nicolae_overflow_hidden_temple, old_standard_altar,
          grunt_dithmenos_smoke_and_mirrors, old_standard_altar,
          nicolae_ossuary_entry_monument, uniq_gastronok, uniq_maggie,
          uniq_prince_ribbit1, uniq_joseph
D:9:      cheibrodos_histonic, layout_long_grid,
          gammafunk_temple_overflow_statue, david_lair_generic, serial_bayou,
          serial_bayou_crossing, serial_bayou_pond_a, serial_bayou_lagoon_a,
          serial_bayou_lake_a, uniq_maurice
D:10:     layout_basic, wad_dig_loot, uniq_nergalle, uniq_harold
D:11:     layout_cross, minivault_25
D:12:     layout_basic, david_orc_4, uniq_nessos
D:13:     gammafunk_sealed_library, layout_irregular_city,
          lightli_vaults_fourway_checkpoint, serial_shops,
          nicolae_shop_behind_doors
D:14:     layout_basic, minmay_misc_feat_rows, uniq_rupert
D:15:     hangedman_depths_entry_try_elsewhere_first, layout_loops_corners,
          serial_shops, shop, serial_bayou_ford_a, minmay_shop_mass,
          uniq_josephine
Temple:   dshaligram_water_room_temple
Lair:1:   layout_regular_city
Lair:2:   layout_cave_shapes, lemuel_fruit_fields
Lair:3:   layout_roguey, guppyfry_snake_entry_island, kb_xom_exploding_sheep,
          uniq_sonja, uniq_urug
Lair:4:   gammafunk_lair_enchanted_lake, layout_cave_pods, shoals_dummy_entry,
          basic_altar, minmay_lair_oklob_chamber
Lair:5:   layout_cave_pods, serial_bayou_pond_b
Lair:6:   hangedman_lair_in_review, layout_loops_ring,
          hangedman_lair_caniforms_friends, slime_altar_1,
          gammafunk_ghost_necromancy, basic_altar,
          nicolae_lair_grove_arrangements, worms_lemuel
Orc:1:    layout_caves
Orc:2:    st_orc_ogre_mass, layout_caves, gauntlet_entry_generic, special_room,
          mines4_lemuel
Elf:1:    elf_arrival_001, layout_gridlike, serial_shops, shop,
          hangedman_elf_disciples, hangedman_decor_cross_pass
Elf:2:    layout_geoelf_octagon, minivault_15
Elf:3:    elf_hall_gauntlet_wide, layout_loops_cross, serial_shops,
          nicolae_shop_crystal, uniq_bai_suzhen

Skill      XL: |  1  2  3  4  5  6  7  8  9 10 11 12 13 14 15 16 17 18 |
---------------+-------------------------------------------------------+-----
Earth Magic    | 4 5 6 7 8 9 10 11 12 13 14 15 | 15.1
Conjurations   | 1 3 4 5 6 7 8 9 10 11 12 13 | 13.7
Spellcasting   | 3 4 5 6 7 8 9 10 11 12 | 12.1
Fighting       | 1 3 4 5 6 8 9 10 11 12 13 | 13.2
Armour         | 1 3 4 5 6 |  6.0
Maces & Flails | 1 2 4 5 6 |  6.1
Dodging        | 2 3 4 5 6 7 8 9 10 | 10.7
Evocations     | 1 2 3 5 6 |  6.0
Staves         | 1 3 5 7 8 9 10 | 10.8
Fire Magic     | 4 7 9 10 | 10.7
Stealth        | |  2.1
Transmutations | |  0.7

Action                   |  1- 3 |  4- 6 |  7- 9 | 10-12 | 13-15 | 16-18 || total
-------------------------+-------+-------+-------+-------+-------+-------++-------
Melee: Dagger            |    24 |     9 |       |       |       |       ||    33
       Unarmed           |     3 |       |       |       |       |       ||     3
       Mace              |    54 |    30 |       |       |       |       ||    84
       Rapier            |       |   116 |       |       |       |       ||   116
       Whip              |       |       |    48 |       |       |       ||    48
       Flail             |       |       |   233 |    18 |       |       ||   251
       Dire flail        |       |       |       |   421 |       |       ||   421
       Lajatang          |       |       |       |   265 |  1015 |   478 ||  1758
 Cast: Sandblast         |    29 |    21 |    80 |    39 |    45 |    25 ||   239
       Stone Arrow       |     1 |     2 |    15 |    25 |       |       ||    43
       Lee's Rapid Decon |       |     1 |     8 |    63 |    80 |    65 ||   217
       Iron Shot         |       |       |       |     6 |    76 |   150 ||   232
       Fireball          |       |       |       |       |       |    54 ||    54
 Abil: Fly               |       |       |       |       |     1 |       ||     1
Evoke: Wand              |       |       |     4 |    12 |     9 |    14 ||    39
       Lamp of fire      |       |       |       |       |     2 |     1 ||     3
  Use: Scroll            |     3 |     7 |     6 |    12 |    18 |    20 ||    66
       Potion            |       |     1 |     3 |    14 |     6 |    17 ||    41
 Stab: Sleeping          |     1 |     2 |     4 |    15 |       |       ||    22
       Distracted        |       |     1 |       |       |       |       ||     1
       Invisible         |       |       |       |     1 |       |       ||     1
  Eat: Chunk             |     3 |     6 |    14 |    46 |    76 |    62 ||   207
       Ration            |       |       |       |     2 |       |     2 ||     4
Armor: Robe              |    41 |    68 |   146 |    11 |       |       ||   266
       Skin              |       |     2 |       |       |       |       ||     2
       Steam dragon scal |       |       |       |   484 |   765 |   231 ||  1480
Dodge: Dodged            |    73 |   133 |   253 |   608 |  1247 |   589 ||  2903

Table legend:
 A = Non-vault XP
 B = Vault XP
 C = Vault XP percentage of total XP
 D = Non-vault monster count
 E = Vault monster count
 F = Vault count percentage of total count
                 A         B        C        D         E       F
            +---------+---------+-------+---------+---------+-------
      Total |  119758 |  167819 |  58.4 |     617 |     379 |  38.1
            +---------+---------+-------+---------+---------+-------
        D:1 |      32 |       0 |   0.0 |      16 |       0 |   0.0
        D:2 |      61 |       0 |   0.0 |      23 |       0 |   0.0
        D:3 |     142 |     272 |  65.7 |      30 |       1 |   3.2
        D:4 |     420 |      36 |   7.9 |      23 |       1 |   4.2
        D:5 |     747 |       0 |   0.0 |      31 |       0 |   0.0
        D:6 |     654 |     140 |  17.6 |      11 |       9 |  45.0
        D:7 |     935 |     695 |  42.6 |      12 |       2 |  14.3
        D:8 |    1026 |    3540 |  77.5 |      21 |       4 |  16.0
        D:9 |    3833 |    3052 |  44.3 |      45 |      25 |  35.7
       D:10 |    2813 |    1978 |  41.3 |      23 |       3 |  11.5
       D:11 |    1849 |       0 |   0.0 |      14 |       0 |   0.0
       D:12 |    4719 |    2207 |  31.9 |      33 |      18 |  35.3
       D:13 |    5247 |   12503 |  70.4 |      31 |      26 |  45.6
       D:14 |   15971 |    3008 |  15.8 |      38 |       1 |   2.6
       D:15 |    9305 |    4515 |  32.7 |      23 |      10 |  30.3
     Lair:1 |    1593 |       0 |   0.0 |       9 |       0 |   0.0
     Lair:2 |    3514 |       0 |   0.0 |      16 |       0 |   0.0
     Lair:3 |    3356 |    2126 |  38.8 |      16 |       5 |  23.8
     Lair:4 |    6597 |    6214 |  48.5 |      22 |      13 |  37.1
     Lair:5 |    1300 |     649 |  33.3 |       6 |       3 |  33.3
     Lair:6 |    6695 |   23715 |  78.0 |      29 |      86 |  74.8
      Orc:1 |    2382 |       0 |   0.0 |      38 |       0 |   0.0
      Orc:2 |    3774 |   18983 |  83.4 |      37 |      50 |  57.5
      Elf:1 |   12730 |    7660 |  37.6 |      22 |      12 |  35.3
      Elf:2 |   12609 |   24791 |  66.3 |      21 |      29 |  58.0
      Elf:3 |   17454 |   43541 |  71.4 |      27 |      26 |  49.1
      Sewer |       0 |     147 | 100.0 |       0 |      10 | 100.0
    Ossuary |       0 |     389 | 100.0 |       0 |      37 | 100.0
   Gauntlet |       0 |    7658 | 100.0 |       0 |       8 | 100.0
            +---------+---------+-------+---------+---------+-------
